 Dungeon Crawl Stone Soup version 0.28-a0-612-gcfc00ec14d (webtiles) character file.

Game seed: 10456187729229744443

49 kae the Chopper (level 3, -1/34 HPs)
             Began as a Hill Orc Fighter on Oct 5, 2021.
             Slain by an ogre (11 damage)
             ... on level 2 of the Dungeon.
             The game lasted 00:01:14 (1866 turns).

kae the Chopper (Hill Orc Fighter)                  Turns: 1866, Time: 00:01:15

Health: -1/34      AC:  6    Str: 19    XL:     3   Next: 75%
Magic:  3/3        EV:  9    Int:  8    God:
Gold:   56         SH:  4    Dex: 10    Spells: 2/2 levels left

rFire   . . .      SeeInvis .   a - +0 war axe
rCold   . . .      Faith    .   c - +0 buckler
rNeg    . . .      Spirit   .   b - +0 scale mail
rPois   .          Reflect  .   (no helmet)
rElec   .          Harm     .   (no cloak)
rCorr   .          Rampage  .   (no gloves)
Will    .....                   (no boots)
Stlth   ..........              (no amulet)
HPRegen 0.11/turn               (no ring)
MPRegen 0.08/turn               (no ring)

@: no status effects
A: no striking features
a: no special abilities


You were on level 2 of the Dungeon.
You visited 1 branch of the dungeon, and saw 2 of its levels.

You collected 74 gold pieces.
You spent 18 gold pieces at shops.

Inventory:

Hand Weapons
 a - a +0 war axe (weapon)
Armour
 b - a +0 scale mail (worn)
 c - a +0 buckler (worn)
Jewellery
 e - a ring of ice
Scrolls
 h - a scroll of vulnerability {unknown}
Potions
 d - a potion of might
 g - 2 potions of haste {unknown}


   Skills:
 + Level 4.3 Fighting
 * Level 4.6 Axes
 - Level 3.2 Armour
 - Level 3.2 Shields


You had 2 spell levels left.
You didn't know any spells.
Your spell library was empty.

Dungeon Overview and Level Annotations

Branches:
Dungeon (2/15)

Altars:

Shops:
D:1 *


Message History

There is a stone staircase leading up here.
There is an open door here.
The goblin shouts!
A goblin is nearby!
A goblin is nearby!
A goblin is nearby!
The goblin shoots a stone.
The stone hits you.
The jackal barks!
You hear a bark!
The goblin shoots a stone.
You block the stone.
Unknown command.
The goblin shoots a stone.
The stone hits you.
Unknown command.
Unknown command.
Unknown command.
The goblin unwields a +0 hunting sling.
The goblin wields a +0 dagger.
The goblin hits you with a +0 dagger.
You hit the goblin.
You kill the goblin!
You slash the jackal!
You kill the jackal!
You slash the ogre!
The ogre is heavily wounded.
The ogre barely misses you.
You hit the ogre but do no damage.
The ogre is heavily wounded.
The ogre hits you with a +0 giant spiked club!
* * * LOW HITPOINT WARNING * * *
You closely miss the ogre.
The ogre is heavily wounded.
You block the ogre's attack.
You completely miss the ogre.
The ogre is heavily wounded.
The ogre misses you.
You barely miss the ogre.
The ogre is heavily wounded.
The ogre hits you with a +0 giant spiked club.
* * * LOW HITPOINT WARNING * * *
It was a potion of curing.
You feel better.
The ogre hits you with a +0 giant spiked club!
You die...

..g...## #..##.#....# #......#
##.##.##...## #......#
#..#.##....# #......#
##.#.###.... #......# #...# #.>.♣
#<)....# ##..###.... #......#
#..##....#
###############O#########.##...##
.h..............@......##.#....#
###############.######.##...♣.##
..................(.....#.#...#
.##############.######..#.##.##
.# #.# #..#....# h# #.# #..#.####
h# #.# #..#.# .# #.# #..#.# .#
#.# #..#.#


You could see an ogre.

Vanquished Creatures
  A gnoll (D:1)
  A worm (D:2)
  2 ball pythons
  2 bats (D:1)
  An endoplasm (D:1)
  2 giant cockroaches (D:1)
  5 goblins
  4 hobgoblins
  2 jackals
  2 quokkas
  2 frilled lizards (D:1)
  4 kobolds
  4 rats
  A spectral hobgoblin (D:2)
33 creatures vanquished.

Notes
Turn   | Place    | Note
-------+----------+-------------------------------------------
     0 | D:1      | kae the Hill Orc Fighter began the quest for the Orb.
     0 | D:1      | Reached XP level 1. HP: 19/19 MP: 1/1
   172 | D:1      | Reached XP level 2. HP: 21/27 MP: 2/2
   391 | D:1      | Found Astrezeg's Assorted Antiques.
   399 | D:1      | Bought a brown potion for 18 gold pieces
   532 | D:1      | Reached XP level 3. HP: 29/33 MP: 3/3
   796 | D:2      | Found a faded altar of an unknown god.
  1541 | D:2      | Noticed an ogre
  1866 | D:2      | Slain by an ogre

Illustrated notes

Levels and vault maps discovered:
D:1:      tarquinn_simple_flora_water_a, layout_basic, serial_shops, shop
D:2:      layout_basic, dreamdust_ecumenical_altar_drowned_temple,
          minmay_misc_feat_ornament, grunt_ministairs_13,
          kennysheep_nondescript, chequers_serial_rivers_micro_b

Skill      XL: |  1  2 |
---------------+-------+-----
Axes           | 3 4 |  4.6
Fighting       | 4 |  4.3
Armour         | |  3.2
Shields        | |  3.2

Action                   || total
-------------------------++-------
Melee: War axe           ||   108
  Use: Potion            ||     1
Armor: Scale mail        ||    57
Dodge: Dodged            ||    57
Block: Buckler           ||    26

Table legend: (Time is in decaauts)
 A = Elapsed time spent in this place.
 B = Non-inter-level travel time spent in this place.
 C = Inter-level travel time spent in this place.
 D = Time resting spent in this place.
 E = Time spent auto-exploring this place.
 F = Levels seen in this place.
 G = Mean time per level.
                   A        B        C        D        E       F      G
               +--------+--------+--------+--------+--------+-----+--------+
         Total |   1900 |   1869 |     31 |    251 |   1288 |   2 |  950.0 |
       Dungeon |   1900 |   1869 |     31 |    251 |   1288 |   2 |  950.0 |
               +--------+--------+--------+--------+--------+-----+--------+

Top non-repeatable levels by time:
     D:2: 1007 daAuts
     D:1: 893 daAuts
